cohdb
Replays
Latest Replays
All Replays
Popular Replays
Top Player Replays
Match Explorer
How It Works
Community
CoH3 Stats
Reddit
Sign in to upload your games and track your stats! →
Sign in with Steam
Match 41825390
Unlisted
Match 41825390
Overview
Messages
Build Orders
End
Kettenkrad Recon Vehicle
Construct Infanterie Kompanie
MG 42 Machine Gun Team
Selects Italian Coastal Battlegroup
Selects Italian Coastal Battlegroup
Selects Italian Coastal Battlegroup
Selects Coastal Reserves
Coastal Reserve
GrW 34 Mortar Team
Construct Luftwaffe Kompanie
Medical Bunker
Flak 30 Anti-aircraft Gun Team
Selects Support Bunkers
Support Elements
Wirbelwind Flakpanzer
Jäger Squad
Selects Artillery Officer
Artillery Officer
MG 42 Bunker
Jäger Squad
Construct Panzer Kompanie
Panzer IV Medium Tank
Selects Obice da 210/22 Artillery Emplacement
Side Skirts
Selects Rapid Fortifications
Selects Bulwark
Pioneer Squad
Rapid Fortifications
Anti-tank Bunker
SS fishburger division
Sturmbock80
[BRE] Alfons
Wesker007
arik010
CPU - VERY EASY
坐牢大行动
阴沟奔行鼠
0
0
Comments
sign in to comment!
No comments posted yet!